Map: Ulrena

Players

Genix

  • Race: Protoss Protoss
  • League: Master

Miszu - Winner!

  • Race: Terran Terran
  • League: Grandmaster

VOD

Have the link to the VOD?

Description

Time

  • Played on: May 18, 2016, 12:31 p.m.
  • Length: 12:20
Show
View Real Time Build Order
Export as new Build Order

Genix Protoss 

Build Orders:  

Get SALT Encoding   

  12  0:01  Probe (Chrono Boost)  
  13  0:11  Probe (Chrono Boost)  
  14  0:18  Pylon  
  14  0:22  Probe (Chrono Boost)  
  15  0:36  Gateway, Probe (Chrono Boost)  
  15  0:42  Assimilator  
  16  0:49  Probe (Chrono Boost)  
  17  1:00  Probe (Chrono Boost)  
  18  1:10  Probe (Chrono Boost), Assimilator  
  19  1:21  Gateway, Probe (Chrono Boost)  
  19  1:24  Cybernetics Core  
  20  1:34  Probe (Chrono Boost)  
  20  1:37  Pylon  
  21  1:44  Probe (Chrono Boost)  
  22  1:53  Pylon  
  22  1:56  Probe (Chrono Boost)  
  23  2:06  Mothership Core (Chrono Boost)  
  27  2:08  Stalker (Chrono Boost)  
  27  2:10  Stalker (Chrono Boost)  
  29  2:19  Pylon  
  29  2:20  Warp Gate (Chrono Boost)  
  29  2:27  Probe  
  30  2:50  Nexus  
  30  2:53  Probe  
  31  3:05  Probe  
  31  3:12  Stargate  
  32  3:17  Probe  
  33  3:30  Probe  
  34  3:38  Stalker x2  
  38  3:42  Probe  
  39  4:00  Probe  
  39  4:01  Oracle (Chrono Boost), Pylon  
  39  4:02  Probe  
  44  4:14  Probe  
  44  4:15  Pylon, Probe  
  46  4:22  Forge  
  46  4:24  Twilight Council  
  46  4:25  Probe (Chrono Boost)  
  46  4:28  Probe (Chrono Boost)  
  48  4:32  Phoenix (Chrono Boost)  
  51  4:39  Probe x2 (Chrono Boost)  
  52  4:47  Protoss Ground Weapons Level 1  
  52  4:50  Probe (Chrono Boost)  
  52  4:51  Probe (Chrono Boost)  
  54  4:56  Assimilator  
  54  4:58  Assimilator, Phoenix  
  56  5:00  Probe (Chrono Boost)  
  56  5:01  Probe (Chrono Boost), Resonating Glaives (Chrono Boost)  
  58  5:09  Adept  
  58  5:10  Adept  
  58  5:12  Probe  
  58  5:13  Probe  
  64  5:15  Pylon  
  64  5:17  Pylon  
  64  5:25  Pylon  
  64  5:26  Phoenix  
  66  5:31  Probe x2  
  68  5:43  Probe x2  
  68  5:48  Nexus  
  70  5:54  Phoenix  
  70  5:56  Sentry  
  74  6:08  Gateway  
  74  6:10  Gateway  
  74  6:15  Gateway, Pylon  
  74  6:17  Pylon  
  74  6:20  Pylon  
  74  6:21  Adept  
  74  6:25  Adept  
  78  6:35  Pylon  
  78  6:36  Pylon  
  78  6:46  Adept x2  
  77  6:54  Protoss Ground Weapons Level 2  
  77  6:59  Probe x2  
  62  7:11  Adept x5  
  62  7:12  Probe  
  62  7:13  Probe x2  
  73  7:22  Probe  
  69  7:25  Probe x2  
  72  7:32  Robotics Facility  
  72  7:35  Gateway x2, Probe  
  72  7:36  Pylon  
  73  7:37  Gateway  
  73  7:39  Pylon  
  73  7:41  Phoenix  
  75  7:46  Adept  
  75  7:47  Adept  
  75  7:48  Sentry  
  75  7:51  Probe  
  81  7:52  Probe x2  
  84  7:59  Charge (Chrono Boost), Assimilator  
  84  8:01  Probe  
  84  8:02  Assimilator  
  84  8:04  Probe x2  
  87  8:08  Phoenix  
  89  8:18  Templar Archives  
  93  8:20  Immortal (Chrono Boost)  
  93  8:33  Adept x2, Phoenix  
  99  8:34  Adept x2  
  99  8:40  Adept x3  
  109  8:54  Observer (Chrono Boost)  
  109  8:55  Adept x5  
  120  8:58  Phoenix  
  118  9:05  Probe x3  
  118  9:06  Protoss Shields Level 1  
  115  9:13  Immortal (Chrono Boost)  
  115  9:14  Pylon  
  119  9:17  Pylon  
  119  9:23  Pylon  
  119  9:27  Photon Cannon  
  119  9:29  Phoenix (Chrono Boost)  
  119  9:31  Pylon  
  121  9:36  Zealot x4  
  121  9:37  Zealot  
  131  9:42  Immortal (Chrono Boost)  
  135  9:54  Phoenix (Chrono Boost)  
  137  10:12  High Templar x2  
  137  10:13  Zealot x6  
  153  10:17  Archon  
  153  10:23  Immortal  
  157  10:38  High Templar x2  
  157  10:39  Zealot x2  
  157  10:42  Nexus, Pylon  
  165  10:43  Pylon  
  165  10:45  Pylon  
  165  10:47  Archon  
  165  10:48  Pylon  
  165  10:50  Psionic Storm  
  165  10:51  Pylon  
  165  10:52  Pylon  
  165  11:06  Stargate  
  165  11:09  Stargate  
  165  11:12  Warp Prism  
  165  11:39  High Templar x2  
  169  11:40  Zealot x6  
  169  11:41  Assimilator  
  169  11:44  Assimilator  
  178  11:47  Photon Cannon  
  178  11:48  Archon  
  154  12:04  Zealot x6  
Show
View Real Time Build Order
Export as new Build Order

Miszu Terran - Winner!

Build Orders: MMM Bio 

Get SALT Encoding   

  12  0:00  SCV  
  13  0:12  SCV  
  14  0:18  Supply Depot  
  14  0:24  SCV  
  15  0:40  SCV  
  15  0:41  Barracks  
  16  0:52  SCV  
  17  1:06  SCV  
  18  1:17  Command Center  
  18  1:29  Marine, Orbital Command  
  19  1:40  Barracks  
  19  1:47  Marine  
  20  1:56  SCV  
  20  2:00  Barracks  
  21  2:04  Marine  
  22  2:08  SCV  
  22  2:11  Bunker  
  23  2:27  Refinery x2  
  23  2:28  Marine, SCV  
  23  2:29  Marine  
  26  2:38  Orbital Command  
  26  2:46  Marine  
  26  2:47  Marine  
  26  2:48  Marine  
  29  2:57  SCV, Orbital Command  
  30  3:04  Marine  
  31  3:05  Marine  
  33  3:16  Supply Depot, Barracks Tech Lab  
  32  3:21  Marine  
  32  3:23  Marine  
  34  3:39  Marine x2  
  34  3:40  Stimpack  
  34  3:41  Marine  
  36  3:43  Engineering Bay  
  37  3:50  Supply Depot  
  37  3:56  Marine  
  37  3:57  Marine  
  37  3:59  Marine  
  37  4:02  SCV x2  
  42  4:03  Factory  
  42  4:14  Marine, SCV  
  42  4:16  Missile Turret  
  43  4:19  Missile Turret  
  43  4:23  SCV  
  44  4:26  SCV, Orbital Command  
  44  4:29  Marine  
  46  4:33  Marauder  
  48  4:47  Bunker  
  47  4:54  Starport, Factory Reactor  
  47  4:56  Missile Turret  
  47  4:57  SCV x2  
  49  5:01  Marauder  
  49  5:05  Supply Depot  
  51  5:09  SCV  
  51  5:12  SCV  
  54  5:22  Barracks Reactor, SCV  
  54  5:23  Barracks Tech Lab  
  54  5:26  Supply Depot  
  54  5:27  SCV  
  55  5:32  Refinery  
  55  5:34  SCV  
  56  5:39  SCV  
  56  5:41  Factory Reactor  
  57  5:46  SCV  
  57  5:47  Marine x2  
  57  5:48  Medivac x2  
  64  5:51  SCV  
  64  5:52  Supply Depot  
  65  5:59  SCV  
  65  6:01  Marine x2  
  65  6:03  SCV  
  69  6:04  Marine  
  70  6:12  Combat Shields  
  70  6:14  Marauder, SCV  
  70  6:17  Concussive Shells  
  73  6:20  Supply Depot  
  73  6:21  Marine  
  73  6:23  Command Center  
  74  6:28  SCV x2  
  74  6:32  Terran Infantry Weapons Level 1  
  76  6:34  Supply Depot  
  76  6:35  Refinery  
  76  6:40  SCV  
  72  6:57  Marine, Marauder  
  64  7:04  Marauder  
  64  7:06  Marine  
  64  7:12  Medivac x2  
  64  7:15  Marine  
  65  7:19  Marauder  
  67  7:24  Marine x2  
  67  7:29  Widow Mine x2  
  61  7:30  SCV  
  61  7:31  Barracks  
  61  7:32  Marine, Barracks  
  65  7:37  Orbital Command  
  65  7:38  SCV  
  65  7:42  Marine x2  
  65  7:43  Marine, SCV  
  70  7:49  Medivac x2  
  70  7:50  Marine  
  75  7:55  SCV x2  
  76  8:00  Marine  
  76  8:02  Missile Turret  
  76  8:03  SCV  
  76  8:05  Widow Mine x2  
  80  8:07  SCV x2  
  84  8:14  Supply Depot, Marine  
  84  8:15  Marine, SCV  
  84  8:16  Marauder  
  84  8:18  Barracks Reactor  
  84  8:19  Barracks Tech Lab, SCV  
  91  8:20  SCV  
  91  8:22  Supply Depot x2  
  91  8:24  Medivac  
  91  8:26  Medivac  
  95  8:27  SCV  
  95  8:31  SCV  
  95  8:32  SCV  
  98  8:36  Marine x2, Marauder  
  98  8:39  SCV  
  98  8:40  Supply Depot  
  105  8:41  Marauder, Widow Mine  
  105  8:42  Widow Mine  
  105  8:44  SCV x2  
  105  8:45  Marauder  
  113  8:51  SCV  
  113  8:54  Supply Depot, Marine x2  
  114  8:56  SCV  
  114  8:57  Marine  
  111  9:10  Marine  
  111  9:11  Marine x4, Widow Mine x2  
  111  9:12  Marine  
  111  9:15  Marine  
  120  9:17  Supply Depot  
  120  9:20  Terran Infantry Armor Level 1  
  120  9:22  Engineering Bay  
  120  9:25  Armory  
  120  9:28  Marine  
  120  9:29  Marine x2  
  120  9:30  Marine x3  
  124  9:33  Marine  
  125  9:44  Widow Mine x2  
  125  9:45  Supply Depot, Medivac  
  131  9:46  Marine x3  
  131  9:48  Marine x3  
  131  9:50  Marine  
  136  10:04  Supply Depot, Marine x3  
  136  10:06  Supply Depot  
  139  10:08  Command Center  
  139  10:11  Marine  
  139  10:12  Marine x3  
  141  10:16  Missile Turret  
  141  10:19  Ghost Academy  
  141  10:20  Missile Turret  
  141  10:22  Marine x2  
  141  10:24  Refinery  
  141  10:27  Refinery  
  142  10:50  Ghost x3  
  142  10:52  Marine x3  
  142  10:53  Barracks x2  
  142  10:54  Marine, Barracks  
  152  11:10  Marine x2  
  150  11:19  Marine x3  
  150  11:21  Marine x2  
  155  11:27  Marine  
  156  11:33  Marine  
  156  11:37  Marine x3  
  156  11:39  Marine x2  
  162  11:45  Marine  
  163  11:50  Marine  
  164  11:54  Marine x2  
  164  11:55  Marine  
  164  11:57  Marine  
  160  12:02  Marine  
Tags
 
Composition
MMM Bio
Matchup
PvT
Add a new tag
Caveats
  • Supply blocks, unpowered buildings, or Contaminate may cause inaccurate times.
  • Supply counts are checked every 10 seconds.